 Dungeon Crawl Stone Soup version 0.23-a0-183-gf37f6fb (webtiles) character file.

836 tilp the Ducker (level 7, 0/54 HPs)
             Began as a Merfolk Ice Elementalist on Sept 15, 2018.
             Slain by a wyvern zombie (13 damage)
             ... on level 6 of the Dungeon on Sept 23, 2018.
             The game lasted 00:24:35 (4544 turns).

tilp the Ducker (Merfolk Ice Elementalist)          Turns: 4544, Time: 00:24:35

Health: 0/54       AC: 11    Str:  8    XL:     7   Next: 99%
Magic:  8/10       EV: 15    Int: 17    God:
Gold:   226        SH:  0    Dex: 14    Spells: 4/10 levels left

rFire    . . .     SeeInvis .   v - +0 dagger (venom)
rCold    . . .     Gourm    .   (no shield)
rNeg     . . .     Faith    .   q - +1 troll leather armour
rPois    .         Spirit   .   (no helmet)
rElec    .         Reflect  .   (no cloak)
rCorr    .         Harm     .   (no gloves)
MR       .....                  (no boots)
Stlth    +++.......             (no amulet)
HPRegen  0.58/turn              a - ring of stealth
MPRegen  0.12/turn              n - ring of wizardry

@: icy armour
A: change form in water, swift swim, stealthy swim
a: no special abilities


You were on level 6 of the Dungeon.
You were hungry.

You visited 1 branch of the dungeon, and saw 6 of its levels.

You collected 226 gold pieces.

Inventory:

Hand Weapons
 j - a +1 dagger
 u - a +0 spear
 v - a +0 dagger of venom (weapon)
 A - a +0 halberd
 B - a +0 trident
Missiles
 e - 142 stones (quivered)
Armour
 q - a +1 troll leather armour (worn)
 y - a +0 leather armour of cold resistance
Jewellery
 a - a ring of stealth (left hand)
 h - an uncursed amulet of guardian spirit
 l - an uncursed amulet of the gourmand
 n - a ring of wizardry (right hand)
Wands
 w - a wand of acid (1)
Scrolls
 b - a scroll of amnesia
 f - 2 scrolls of fog
 g - a scroll of enchant weapon
 m - 3 scrolls of remove curse
Potions
 d - a potion of flight
 i - a potion of haste
 k - a potion of brilliance
 o - 2 potions of curing
 r - a potion of lignification
 t - a potion of cancellation
 z - a potion of might
Comestibles
 c - 10 rations


   Skills:
 - Level 4.0 Fighting
 - Level 6.3 Dodging
 - Level 4.0 Stealth
 + Level 2.1 Spellcasting
 + Level 1.0 Conjurations
 + Level 2.3 Charms
 * Level 6.2 Ice Magic
 + Level 0.3 Evocations


You had 4 spell levels left.
You knew the following spells:

 Your Spells              Type           Power        Failure   Level  Hunger
a - Freeze                Ice            ###.         1%          1    #......
b - Throw Frost           Conj/Ice       ##....       4%          2    ###....
c - Ozocubu's Armour      Chrm/Ice       ###.....     6%          3    ###....

Your spell library contained the following spells:

 Spells                   Type           Power        Failure   Level  Hunger
 Throw Icicle             Conj/Ice       ##......     24%         4    #####..
 Summon Ice Beast         Ice/Summ       ##......     30%         4    #####..


Dungeon Overview and Level Annotations

Branches:
Dungeon (6/15)             Temple (0/1) D:5

Altars:
Gozag
Kikubaaqudgha
Nemelex Xobeh
Qazlal

Annotations:
D:3 1 runed door


Message History

* * * LOW HITPOINT WARNING * * *
The wyvern zombie closely misses you.
Aiming: Corrosive Bolt
Press: ? - help, Shift-Dir - straight line, f - jackal
Aim: a jackal The bolt of acid hits the wyvern zombie.
The wyvern zombie is splashed with acid.
The acid corrodes the wyvern zombie!
The wyvern zombie is heavily damaged.
The bolt of acid hits the jackal.
The jackal is splashed with acid.
The acid corrodes the jackal!
You kill the jackal!
The bolt of acid misses the jackal.
The wyvern zombie barely misses you.
You hit the wyvern zombie.
The wyvern zombie is heavily damaged.
The wyvern zombie closely misses you.
You hit the wyvern zombie.
The wyvern zombie is severely damaged.
The wyvern zombie bites you!
You die...

......#
#.# #.#
#######.#
........#
#######.#
#.# #.#
###.######
#...@Zh..#
#.#.####.#
#.#.# .
.[. ......
####...
#####


You could see a wyvern zombie and a jackal.

Vanquished Creatures
  Eustachio (D:4)
  A phantom (D:4)
  A centaur (D:5)
  2 scorpions
  2 orc priests (D:4)
  2 iguanas
  3 orc wizards
  A hound skeleton (D:6)
  8 adders
  3 gnolls (D:2)
  A shadow imp (D:6)
  3 oozes
  An adder skeleton (D:4)
  2 worms
  2 leopard geckos (D:2)
  14 orcs
  A ball python (D:2)
  4 giant cockroaches
  14 hobgoblins
  11 jackals
  4 kobolds
  7 bats
  6 frilled lizards
  6 goblins
  2 rats
  A fungus (D:3)
103 creatures vanquished.

Notes
Turn   | Place    | Note
-------+----------+-------------------------------------------
     0 | D:1      | tilp the Merfolk Ice Elementalist began the quest for the
                  | Orb.
     0 | D:1      | Reached XP level 1. HP: 13/13 MP: 3/3
   276 | D:1      | Reached XP level 2. HP: 19/19 MP: 3/5
   570 | D:1      | Reached XP level 3. HP: 21/24 MP: 1/6
   574 | D:1      | Learned a level 2 spell: Throw Frost
   578 | D:1      | Learned a level 3 spell: Ozocubu's Armour
   928 | D:2      | Reached skill level 5 in Ice Magic
  1383 | D:2      | Reached XP level 4. HP: 30/30 MP: 4/7
  1719 | D:2      | Found a stormy altar of Qazlal.
  1727 | D:2      | Found an ancient bone altar of Kikubaaqudgha.
  1870 | D:3      | Reached XP level 5. HP: 35/35 MP: 4/8
  2267 | D:3      | Reached skill level 1 in Fighting
  2267 | D:3      | Reached skill level 1 in Charms
  2431 | D:3      | Reached XP level 6. HP: 38/43 MP: 3/9
  2794 | D:3      | Found a runed door.
  2853 | D:4      | Noticed Eustachio
  2853 | D:4      | Noticed a phantom
  2881 | D:4      | Killed Eustachio
  2884 | D:4      | Killed a phantom
  2884 | D:4      | Reached XP level 7. HP: 20/51 MP: 0/10
  3228 | D:4      | Reached skill level 5 in Dodging
  3867 | D:5      | Entered Level 5 of the Dungeon
  4297 | D:5      | Found a staircase to the Ecumenical Temple.
  4318 | D:5      | Upgraded the game from 0.23-a0-171-g5ae17c6 to
                  | 0.23-a0-175-g97aacdb
  4318 | D:5      | Upgraded the game from 0.23-a0-175-g97aacdb to
                  | 0.23-a0-183-gf37f6fb
  4362 | D:6      | Reached skill level 1 in Conjurations
  4403 | D:6      | Found a sparkling altar of Nemelex Xobeh.
  4403 | D:6      | Found an opulent altar of Gozag.
  4544 | D:6      | Slain by a wyvern zombie

Vault maps used:
D:1:      saegor_arrival_simple_a
D:2:      minitemple, first_ration, kennysheep_potato
D:3:      uniq_crazy_yiuf_cottage
D:4:      uniq_eustachio
D:5:      minmay_temple_entry_from_below_a
D:6:      grunt_temple_overflow_opulence, kennysheep_mini_moat, enter_ossuary_5

Skill      XL: |  1  2  3  4  5  6  7 |
---------------+----------------------+-----
Ice Magic      | 4 5 6 |  6.2
Fighting       | 1 2 4 |  4.0
Dodging        | 3 4 6 |  6.3
Charms         | 1 2 |  2.3
Stealth        | 3 4 |  4.0
Conjurations   | 1 |  1.0
Spellcasting   | |  2.1
Evocations     | |  0.3

Action                   |  1- 3 |  4- 6 |  7- 9 || total
-------------------------+-------+-------+-------++-------
Melee: Dagger            |    13 |    46 |   102 ||   161
Throw: Stone             |    13 |     9 |     2 ||    24
 Cast: Freeze            |    46 |    66 |    42 ||   154
       Throw Frost       |       |     3 |     4 ||     7
       Ozocubu's Armour  |       |       |     3 ||     3
Evoke: Wand              |       |     5 |     4 ||     9
  Use: Scroll            |       |       |    16 ||    16
       Potion            |       |       |     4 ||     4
 Stab: Sleeping          |     6 |     1 |     4 ||    11
  Eat: Chunk             |     2 |     6 |     6 ||    14
Armor: Leather armour    |     6 |       |       ||     6
       Troll leather arm |     5 |    10 |    34 ||    49
Dodge: Dodged            |    21 |    35 |    91 ||   147

Table legend:
 A = Non-vault XP
 B = Vault XP
 C = Vault XP percentage of total XP
 D = Non-vault monster count
 E = Vault monster count
 F = Vault count percentage of total count
                 A         B        C        D         E       F
            +---------+---------+-------+---------+---------+-------
      Total |    1004 |     191 |  16.0 |     101 |       1 |   1.0
            +---------+---------+-------+---------+---------+-------
        D:1 |      42 |       0 |   0.0 |      24 |       0 |   0.0
        D:2 |     106 |       0 |   0.0 |      22 |       0 |   0.0
        D:3 |     184 |       0 |   0.0 |      22 |       0 |   0.0
        D:4 |     390 |     191 |  32.9 |      22 |       1 |   4.3
        D:5 |     251 |       0 |   0.0 |       8 |       0 |   0.0
        D:6 |      31 |       0 |   0.0 |       3 |       0 |   0.0
            +---------+---------+-------+---------+---------+-------
